Islanders vs Canadiens

Created - 4 décembre 2017 at 06:17

Goals
1 2 3 T
Islanders 1 1 1 3
Canadiens 0 0 1 1
Shots
1 2 3 T
Islanders 5 15 17 37
Canadiens 7 8 9 24

1st period

1. Islanders , Jesper Fast 4 (Chris Mueller 7) at 18:00

Penalties :
Chris Kreider (MTL) for High sticking (Minor) at 12:04

2nd period

2. Islanders , Evan Rodrigues 1 (Kerby Rychel 1, Will Butcher 1) at 10:30

Penalties :
Jordie Benn (NYI) for Roughing (Minor) at 6:34, Nino Niederreiter (MTL) for Holding (Minor) at 18:54

3rd period

3. Canadiens , Mitchell Marner 7 (Bryan Little 9, Max Pacioretty 8) at 7:35 (PP)
4. Islanders , Kyle Palmieri 11 (Jesper Fast 4, Alex Goligoski 7) at 10:16

Penalties :
Radek Faksa (NYI) for Cross-checking (Minor) at 6:30

Goalie Stats

Corey Crawford (NYI), 23 saves from 24 shots - (0,958), W, 7-11-5, 60:00 minutes
Robin Lehner (MTL), 34 saves from 37 shots - (0,919), L, 6-9-3, 60:00 minutes

Players Stats for Islanders

Player Name              G  A  P  +/- PIM S  H  SB GA TA FO     MP     PP MP  PK MP  
------------------------------------------------------------------------------------
Alex Goligoski           0  1  1   2  0   4  0  4  0  1  0/0    26:46   2:47   2:25 
Brandon Saad             0  0  0   0  0   3  1  0  4  0  0/1    18:15   1:50   0:15 
Chris Mueller            0  1  1   1  0   3  0  0  1  0  4/4    13:45   0:00   0:15 
Colin Greening           0  0  0   0  0   0  1  0  0  1  0/0     2:41   0:00   0:00 
Evan Rodrigues           1  0  1   1  0   1  1  0  0  1  2/2     7:21   0:00   0:00 
Jake Gardiner            0  0  0   2  0   3  0  3  0  1  0/0    26:37   2:47   2:16 
James Neal               0  0  0   0  0   3  0  1  1  0  0/2    18:30   1:50   0:33 
Jesper Fast              1  1  2   1  0   2  1  0  1  0  0/0    13:10   0:00   0:00 
Jordie Benn              0  0  0   1  2   0  0  1  0  0  0/0    19:34   1:11   0:00 
Kerby Rychel             0  1  1   1  0   2  0  1  0  0  0/0     6:36   0:00   0:00 
Kyle Palmieri            1  0  1   1  0   3  0  1  0  1  1/1    20:44   2:08   2:16 
Matt Dumba               0  0  0   0  0   0  0  2  0  0  0/0    13:00   0:00   0:00 
Radek Faksa              0  0  0   0  2   1  0  1  0  1  8/16   17:56   1:50   0:00 
Ryan Murray              0  0  0   0  0   0  0  0  0  1  0/0    13:39   0:00   0:39 
Timo Meier               0  0  0   1  0   0  1  1  0  0  0/0    12:46   0:00   0:00 
Tyler Bozak              0  0  0   1  0   4  0  0  0  0  19/28  19:01   2:08   0:33 
Vladimir Tarasenko       0  0  0   2  0   7  0  0  4  0  0/8    26:10   2:08   2:16 
Will Butcher             0  1  1   1  0   1  0  0  1  1  0/0    20:23   1:11   0:48 

Players Stats for Canadiens

Player Name              G  A  P  +/- PIM S  H  SB GA TA FO     MP     PP MP  PK MP  
------------------------------------------------------------------------------------
Alexei Emelin            0  0  0  -1  0   2  5  0  0  1  0/0    19:09   0:31   1:32 
Andreas Athanasiou       0  0  0  -1  0   2  0  0  0  0  6/7     9:18   0:00   0:00 
Antoine Roussel          0  0  0  -1  0   2  1  0  0  0  0/0    11:53   0:00   2:25 
Brent Seabrook           0  0  0  -1  0   1  3  1  0  0  0/0    20:41   1:02   0:00 
Brett Pesce              0  0  0  -1  0   2  1  1  0  1  0/0    20:41   2:02   2:26 
Bryan Little             0  1  1   0  0   2  0  0  1  0  8/18   18:36   2:01   1:33 
Calvin de Haan           0  0  0  -1  0   1  1  2  0  4  0/0    21:46   1:31   1:32 
Chris Kreider            0  0  0   0  2   0  4  0  0  0  0/0    16:04   1:03   0:00 
Francois Beauchemin      0  0  0  -1  0   1  1  2  0  2  0/0    19:56   0:00   2:26 
Jake Muzzin              0  0  0  -1  0   1  0  0  1  0  0/0    17:47   1:02   0:00 
MATHEW BARZAL            0  0  0   0  0   2  1  0  2  1  5/12   14:56   0:00   0:28 
Max Pacioretty           0  1  1   0  0   3  0  1  0  0  0/0    16:06   1:41   0:00 
Mitchell Marner          1  0  1   0  0   2  2  2  1  1  2/3    17:00   2:01   0:00 
Nino Niederreiter        0  0  0  -2  2   0  3  0  2  0  1/2    15:06   1:03   0:00 
Patrick Marleau          0  0  0   0  0   0  0  0  0  0  1/2    15:09   0:44   0:00 
Reilly Smith             0  0  0  -2  0   2  0  0  0  2  0/1    15:47   0:39   1:05 
Ryan Strome              0  0  0  -2  0   1  2  0  0  0  5/17   16:38   0:00   2:25 
Sven Baertschi           0  0  0  -1  0   0  1  0  1  0  0/0     9:27   0:00   0:00 

3 Stars

1 - Jesper Fast (NYI)
2 - Corey Crawford (NYI)
3 - Evan Rodrigues (NYI)

Power Play

Islanders - 0 on 2 Attempt(s) - 0,00%
Canadiens - 1 on 2 Attempt(s) - 50,00%

Penalty Kill

Islanders - 1 on 2 Attempt(s) - 50,00% - Score 0 goal in Penalty Kill
Canadiens - 2 on 2 Attempt(s) - 100,00% - Score 0 goal in Penalty Kill

Team Stat

Islanders - Hits : 5 - Faceoff Wins : 34 - Blocked Shots : 15 - Penalty Minutes : 4
Canadiens - Hits : 25 - Faceoff Wins : 28 - Blocked Shots : 9 - Penalty Minutes : 4

Official

Referees : Tom Chmielewski and Wes McCauley
Linesman : Shane Heyer and John Grandt

Game Notes

Colin Greening is injured at 16:35 of 1st period (Broken Left Thumb)

Finance

Level 1 -- Attendance: 2400 (40,00%) -- Ticket Income 429 600 $
Level 2 -- Attendance: 2564 (51,28%) -- Ticket Income 228 196 $
Level 3 -- Attendance: 1007 (50,35%) -- Ticket Income 59 413 $
Level 4 -- Attendance: 1600 (40,00%) -- Ticket Income 78 400 $
Luxury Box -- Attendance: 711 (71,10%) -- Ticket Income 144 333 $
Game was played at the Centurions Coliseum.
Total Attendance: 8282 (46,01%)
Total Ticket Income: 939 942 $
Other Income: 460 572 $
Total Income: 1 400 514 $

Islanders

5 vs 5 Forward 
   Center                   Left Wing                Right Wing               Time % Phy DF OF 
 1 Tyler Bozak              Kyle Palmieri            Vladimir Tarasenko       40     1   2  2  
 2 Radek Faksa              James Neal               Brandon Saad             30     1   2  2  
 3 Chris Mueller            Jesper Fast              Timo Meier               20     1   2  2  
 4 Evan Rodrigues           Colin Greening           Vladimir Tarasenko       10     1   2  2  

5 vs 5 Defense 
   Defense                  Defense                                           Time % Phy DF OF 
 1 Alex Goligoski           Jake Gardiner                                     40     1   2  2  
 2 Jordie Benn              Will Butcher                                      30     1   2  2  
 3 Matt Dumba               Ryan Murray                                       20     1   2  2  
 4 Alex Goligoski           Jake Gardiner                                     10     1   2  2  

PowerPlay Forward 
   Center                   Left Wing                Right Wing               Time % Phy DF OF 
 1 Tyler Bozak              Kyle Palmieri            Vladimir Tarasenko       60     1   2  2  
 2 Radek Faksa              James Neal               Brandon Saad             40     1   2  2  

PowerPlay Defense
   Defense                  Defense                                           Time % Phy DF OF 
 1 Alex Goligoski           Jake Gardiner                                     60     1   2  2  
 2 Jordie Benn              Will Butcher                                      40     1   2  2  

Penalty Kill 4 Players Forward 
   Center                   Wing                     Time % Phy DF OF 
 1 Vladimir Tarasenko       Kyle Palmieri            60     1   2  2  
 2 James Neal               Tyler Bozak              40     1   2  2  

Penalty Kill 4 Players Defense
   Defense                  Defense                  Time % Phy DF OF 
 1 Alex Goligoski           Jake Gardiner            60     1   2  2  
 2 Jordie Benn              Will Butcher             40     1   2  2  

Penalty Kill - 3 Players Forward 
   Forward                                           Time % Phy DF OF 
 1 Vladimir Tarasenko                                60     1   2  2  
 2 Kyle Palmieri                                     40     1   2  2  

Penalty Kill - 3 Players Defense
   Defense                  Defense                  Time % Phy DF OF 
 1 Alex Goligoski           Jake Gardiner            60     1   2  2  
 2 Jordie Benn              Will Butcher             40     1   2  2  

4 vs 4 Forward 
   Center                   Wing                     Time % Phy DF OF 
 1 Vladimir Tarasenko       Kyle Palmieri            60     1   2  2  
 2 James Neal               Tyler Bozak              40     1   2  2  

4 vs 4 Defense
   Defense                  Defense                  Time % Phy DF OF 
 1 Alex Goligoski           Jake Gardiner            60     1   2  2  
 2 Jordie Benn              Will Butcher             40     1   2  2  

Last Minutes Offensive
   Center                   Left Wing                Right Wing               Defense                  Defense                  
   Tyler Bozak              Kyle Palmieri            Vladimir Tarasenko       Alex Goligoski           Jake Gardiner            

Last Minutes Defensive
   Center                   Left Wing                Right Wing               Defense                  Defense                  
   Tyler Bozak              Kyle Palmieri            Vladimir Tarasenko       Alex Goligoski           Jake Gardiner            

Goaltenders
Starting : Corey Crawford           
Backup : Keith Kinkaid            

Extra Forwards
Normal : Kerby Rychel, Jesper Fast, Chris Mueller - PP : Kerby Rychel, Jesper Fast - PK : Chris Mueller
Extra Defensemen
Normal : Matt Dumba, Ryan Murray, Jordie Benn - PP : Matt Dumba - PK : Ryan Murray, Jordie Benn
Penalty Shots
Vladimir Tarasenko, Kyle Palmieri, James Neal, Tyler Bozak, Brandon Saad
Custom OT Lines Forwards
Vladimir Tarasenko, Kyle Palmieri, James Neal, Tyler Bozak, Brandon Saad, Radek Faksa, Jesper Fast, Chris Mueller, Timo Meier, Colin Greening
Custom OT Lines Defensemen
Alex Goligoski, Jake Gardiner, Jordie Benn, Will Butcher, Matt Dumba

Scratches
Mikhail Grigorenko (Healthy), Philip Larsen (Healthy), Karl Alzner (Healthy), Nicklas Backstrom (Healthy), Gus Young (Healthy)
David Shields (Healthy), Logan Shaw (Healthy), Chris Breen (Healthy), Sam Brittain (Healthy), Al Montoya (Healthy)
Daniel Altshuller (Healthy)

Canadiens

5 vs 5 Forward 
   Center                   Left Wing                Right Wing               Time % Phy DF OF 
 1 Bryan Little             Chris Kreider            Mitchell Marner          30     0   2  3  
 2 MATHEW BARZAL            Max Pacioretty           Patrick Marleau          30     0   2  3  
 3 Ryan Strome              Reilly Smith             Nino Niederreiter        25     0   2  3  
 4 Andreas Athanasiou       Sven Baertschi           Antoine Roussel          15     0   2  3  

5 vs 5 Defense 
   Defense                  Defense                                           Time % Phy DF OF 
 1 Brent Seabrook           Calvin de Haan                                    32     0   3  2  
 2 Jake Muzzin              Brett Pesce                                       31     0   3  2  
 3 Alexei Emelin            Francois Beauchemin                               31     0   3  2  
 4 Brent Seabrook           Jake Muzzin                                       6      0   3  2  

PowerPlay Forward 
   Center                   Left Wing                Right Wing               Time % Phy DF OF 
 1 Bryan Little             Max Pacioretty           Mitchell Marner          50     0   1  4  
 2 Patrick Marleau          Chris Kreider            Nino Niederreiter        50     0   1  4  

PowerPlay Defense
   Defense                  Defense                                           Time % Phy DF OF 
 1 Brent Seabrook           Jake Muzzin                                       50     0   2  3  
 2 Brett Pesce              Calvin de Haan                                    50     0   2  3  

Penalty Kill 4 Players Forward 
   Center                   Wing                     Time % Phy DF OF 
 1 Ryan Strome              Antoine Roussel          60     0   4  1  
 2 Bryan Little             Reilly Smith             40     0   4  1  

Penalty Kill 4 Players Defense
   Defense                  Defense                  Time % Phy DF OF 
 1 Brett Pesce              Francois Beauchemin      60     0   5  0  
 2 Alexei Emelin            Calvin de Haan           40     0   5  0  

Penalty Kill - 3 Players Forward 
   Forward                                           Time % Phy DF OF 
 1 Antoine Roussel                                   50     0   5  0  
 2 Reilly Smith                                      50     0   5  0  

Penalty Kill - 3 Players Defense
   Defense                  Defense                  Time % Phy DF OF 
 1 Brent Seabrook           Francois Beauchemin      50     0   5  0  
 2 Calvin de Haan           Alexei Emelin            50     0   5  0  

4 vs 4 Forward 
   Center                   Wing                     Time % Phy DF OF 
 1 Patrick Marleau          Chris Kreider            50     0   2  3  
 2 Max Pacioretty           Nino Niederreiter        50     0   2  3  

4 vs 4 Defense
   Defense                  Defense                  Time % Phy DF OF 
 1 Brent Seabrook           Calvin de Haan           50     0   3  2  
 2 Jake Muzzin              Brett Pesce              50     0   3  2  

Last Minutes Offensive
   Center                   Left Wing                Right Wing               Defense                  Defense                  
   Bryan Little             Max Pacioretty           Chris Kreider            Brent Seabrook           Jake Muzzin              

Last Minutes Defensive
   Center                   Left Wing                Right Wing               Defense                  Defense                  
   Bryan Little             Antoine Roussel          Reilly Smith             Francois Beauchemin      Brent Seabrook           

Goaltenders
Starting : Robin Lehner             
Backup : Brian Elliott            

Extra Forwards
Normal : Reilly Smith, Ryan Strome, Sven Baertschi - PP : Reilly Smith, Ryan Strome - PK : MATHEW BARZAL
Extra Defensemen
Normal : Calvin de Haan, Brett Pesce, Francois Beauchemin - PP : Calvin de Haan - PK : Brett Pesce, Francois Beauchemin
Penalty Shots
Antoine Roussel, Mitchell Marner, Brent Seabrook, MATHEW BARZAL, Patrick Marleau
Custom OT Lines Forwards
Bryan Little, MATHEW BARZAL, Max Pacioretty, Mitchell Marner, Chris Kreider, Patrick Marleau, Nino Niederreiter, Reilly Smith, Ryan Strome, Sven Baertschi
Custom OT Lines Defensemen
Brent Seabrook, Jake Muzzin, Brett Pesce, Calvin de Haan, Francois Beauchemin

Scratches
Steve Ott (Healthy), Taylor Chorney (Healthy), Taylor Beck (Healthy)

% Time on Ice - Islanders

Lines # - Real PCT - Wanted PCT - Time Play
Normal Forward
1 - 32% - 40% - 16:44
2 - 30% - 30% - 16:07
3 - 24% - 20% - 12:46
4 - 14% - 10% - 7:21
Normal Defense
1 - 37% - 40% - 19:34
2 - 35% - 30% - 18:24
3 - 25% - 20% - 13:00
4 - 4% - 10% - 2:00
PP Forward
1 - 54% - 60% - 2:08
2 - 46% - 40% - 1:50
PP Defense
1 - 70% - 60% - 2:47
2 - 30% - 40% - 1:11
PK Forward
1 - 82% - 60% - 2:31
2 - 18% - 40% - 0:33
PK Defense
1 - 74% - 60% - 2:16
2 - 26% - 40% - 0:48
PK3 Forward
1 - 0% - 60%
2 - 0% - 40%
PK3 Defense
1 - 0% - 60%
2 - 0% - 40%
44 Forward
1 - 0% - 60%
2 - 0% - 40%
44 Defense
1 - 0% - 60%
2 - 0% - 40%
Last Minute Offensive  - 0:00
Last Minute Defensive  - 0:00
Total
Forward - 60:00
Defense - 60:00

% Time on Ice - Canadiens

Lines # - Real PCT - Wanted PCT - Time Play
Normal Forward
1 - 29% - 30% - 15:21
2 - 27% - 30% - 14:25
3 - 26% - 25% - 13:54
4 - 18% - 15% - 9:18
Normal Defense
1 - 33% - 32% - 17:26
2 - 32% - 31% - 16:51
3 - 31% - 31% - 16:28
4 - 4% - 6% - 2:13
PP Forward
1 - 66% - 50% - 2:01
2 - 34% - 50% - 1:03
PP Defense
1 - 34% - 50% - 1:02
2 - 66% - 50% - 2:02
PK Forward
1 - 73% - 60% - 2:53
2 - 27% - 40% - 1:05
PK Defense
1 - 61% - 60% - 2:26
2 - 39% - 40% - 1:32
PK3 Forward
1 - 0% - 50%
2 - 0% - 50%
PK3 Defense
1 - 0% - 50%
2 - 0% - 50%
44 Forward
1 - 0% - 50%
2 - 0% - 50%
44 Defense
1 - 0% - 50%
2 - 0% - 50%
Last Minute Offensive  - 0:00
Last Minute Defensive  - 0:00
Total
Forward - 60:00
Defense - 60:00

Play by Play

1st period


0:01 of 1st period - Tyler Bozak wins face-off versus Bryan Little in neutral zone.
0:41 of 1st period - Snap shot by James Neal.
0:41 of 1st period - Stopped by Robin Lehner with a rebound.
0:51 of 1st period - Timo Meier is hit by Nino Niederreiter and loses puck.
1:31 of 1st period - Snap shot by MATHEW BARZAL.
1:31 of 1st period - Shot Misses the Net.
1:33 of 1st period - Snap shot by MATHEW BARZAL.
1:33 of 1st period - Stopped by Corey Crawford with a rebound.
1:35 of 1st period - Slapshot by Calvin de Haan.
1:35 of 1st period - Shot Misses the Net.
1:54 of 1st period - Wrist shot by Chris Kreider.
1:54 of 1st period - Deflect By Bryan Little.
1:54 of 1st period - Stopped by Corey Crawford without a rebound.
1:55 of 1st period - Chris Mueller wins face-off versus Ryan Strome in Islanders zone.
2:24 of 1st period - Wrist shot by Jesper Fast.
2:24 of 1st period - Shot Misses the Net.
2:52 of 1st period - Ryan Strome is hit by Timo Meier and loses puck.
3:05 of 1st period - Wrist shot by Jesper Fast.
3:05 of 1st period - Shot Misses the Net.
3:07 of 1st period - Snap shot by Ryan Murray.
3:07 of 1st period - Shot Blocked by Francois Beauchemin.
3:41 of 1st period - Slapshot by Nino Niederreiter.
3:41 of 1st period - Shot Blocked by Alex Goligoski.
3:43 of 1st period - Snap shot by Reilly Smith.
3:43 of 1st period - Deflect By Nino Niederreiter.
3:43 of 1st period - Shot Blocked by Alex Goligoski.
3:43 of 1st period - Puck is out of play.
3:44 of 1st period - Tyler Bozak wins face-off versus MATHEW BARZAL in Islanders zone.
4:08 of 1st period - Icing by Ryan Murray.
4:09 of 1st period - Radek Faksa wins face-off versus Bryan Little in Islanders zone.
4:34 of 1st period - Matt Dumba is hit by Brent Seabrook and loses puck.
4:39 of 1st period - Wrist shot by MATHEW BARZAL.
4:39 of 1st period - Shot Misses the Net.
5:17 of 1st period - Alex Goligoski is hit by Brett Pesce.
6:07 of 1st period - Slapshot by Andreas Athanasiou.
6:07 of 1st period - Stopped by Corey Crawford with a rebound.
6:19 of 1st period - Will Butcher is hit by Brent Seabrook and loses puck.
7:25 of 1st period - Snap shot by James Neal.
7:25 of 1st period - Shot Misses the Net.
8:03 of 1st period - Snap shot by Evan Rodrigues.
8:03 of 1st period - Shot Hit the Post.
8:05 of 1st period - Backhand shot by Alex Goligoski.
8:05 of 1st period - Deflect By Colin Greening.
8:05 of 1st period - Shot Misses the Net.
8:05 of 1st period - Puck is out of play.
8:06 of 1st period - Mitchell Marner wins face-off versus Radek Faksa in Canadiens zone.
8:39 of 1st period - Wrist shot by Max Pacioretty.
8:39 of 1st period - Shot Misses the Net.
10:01 of 1st period - Snap shot by MATHEW BARZAL.
10:01 of 1st period - Stopped by Corey Crawford with a rebound.
10:03 of 1st period - Snap shot by Patrick Marleau.
10:03 of 1st period - Shot Misses the Net.
10:05 of 1st period - Snap shot by Patrick Marleau.
10:05 of 1st period - Shot Misses the Net.
10:07 of 1st period - Slapshot by MATHEW BARZAL.
10:07 of 1st period - Shot Blocked by Radek Faksa.
10:40 of 1st period - Kyle Palmieri is hit by Ryan Strome and loses puck.
10:57 of 1st period - Bryan Little is hit by Colin Greening and loses puck.
11:24 of 1st period - Chris Mueller is hit by Antoine Roussel and loses puck.
11:35 of 1st period - Slapshot by Reilly Smith.
11:35 of 1st period - Shot Misses the Net.
11:37 of 1st period - Wrist shot by Brett Pesce.
11:37 of 1st period - Stopped by Corey Crawford without a rebound.
11:38 of 1st period - Tyler Bozak wins face-off versus Ryan Strome in Islanders zone.
11:47 of 1st period - Snap shot by Vladimir Tarasenko.
11:47 of 1st period - Stopped by Robin Lehner with a rebound.
12:04 of 1st period - Minor Penalty to Chris Kreider for High sticking.
12:05 of 1st period - Ryan Strome wins face-off versus Tyler Bozak in Canadiens zone.
13:10 of 1st period - Wrist shot by Bryan Little.
13:10 of 1st period - Stopped by Corey Crawford without a rebound.
13:11 of 1st period - Bryan Little wins face-off versus Radek Faksa in Islanders zone.
14:04 of 1st period - Penalty to Chris Kreider is over, Chris Kreider is back on ice.
15:16 of 1st period - Kyle Palmieri is hit by Ryan Strome and loses puck.
16:00 of 1st period - Kerby Rychel is hit by Chris Kreider and loses puck.
16:34 of 1st period - Colin Greening is hit by Sven Baertschi and loses puck.
16:35 of 1st period - Colin Greening from Islanders is injured at 16:35 of 1st period (Broken Left Thumb).
16:36 of 1st period - MATHEW BARZAL wins face-off versus Tyler Bozak in Islanders zone.
16:44 of 1st period - Off-side.
16:45 of 1st period - MATHEW BARZAL wins face-off versus Tyler Bozak in neutral zone.
16:54 of 1st period - Wrist shot by Max Pacioretty.
16:54 of 1st period - Stopped by Corey Crawford with a rebound.
17:12 of 1st period - Slapshot by Vladimir Tarasenko.
17:12 of 1st period - Shot Blocked by Max Pacioretty.
17:20 of 1st period - Snap shot by Tyler Bozak.
17:20 of 1st period - Shot Misses the Net.
17:22 of 1st period - Snap shot by Jake Gardiner.
17:22 of 1st period - Deflect By Vladimir Tarasenko.
17:22 of 1st period - Stopped by Robin Lehner without a rebound.
17:23 of 1st period - Bryan Little wins face-off versus James Neal in Canadiens zone.
17:38 of 1st period - Will Butcher is hit by Chris Kreider and loses puck.
17:54 of 1st period - Off-side.
17:55 of 1st period - Chris Mueller wins face-off versus Ryan Strome in neutral zone.
17:58 of 1st period - Snap shot by Jesper Fast.
17:58 of 1st period - Shot Hit the Post.
18:00 of 1st period - Wrist shot by Jesper Fast.
18:00 of 1st period - Goal by Jesper Fast - Islanders : 1 - Canadiens : 0.
18:01 of 1st period - Tyler Bozak wins face-off versus Bryan Little in neutral zone.
18:33 of 1st period - Snap shot by Brandon Saad.
18:33 of 1st period - Shot Misses the Net.
19:10 of 1st period - Icing by Reilly Smith.
19:11 of 1st period - Evan Rodrigues wins face-off versus Bryan Little in Canadiens zone.
19:14 of 1st period - Snap shot by Evan Rodrigues.
19:14 of 1st period - Deflect By Vladimir Tarasenko.
19:14 of 1st period - Stopped by Robin Lehner without a rebound.
19:15 of 1st period - Evan Rodrigues wins face-off versus Mitchell Marner in Canadiens zone.
19:18 of 1st period - Slapshot by Matt Dumba.
19:18 of 1st period - Shot Misses the Net.
19:40 of 1st period - Evan Rodrigues is hit by Alexei Emelin and loses puck.
19:47 of 1st period - Wrist shot by Reilly Smith.
19:47 of 1st period - Shot Blocked by Matt Dumba.
19:49 of 1st period - Wrist shot by Jake Muzzin.
19:49 of 1st period - Shot Blocked by Matt Dumba.
Goals for this period are 1 for Islanders vs 0 for Canadiens.
Shots for this period are 5 for Islanders vs 7 for Canadiens.

2nd period


0:01 of 2nd period - Tyler Bozak wins face-off versus Bryan Little in neutral zone.
0:26 of 2nd period - Francois Beauchemin is hit by Jesper Fast and loses puck.
1:11 of 2nd period - Backhand shot by Vladimir Tarasenko.
1:11 of 2nd period - Stopped by Robin Lehner with a rebound.
1:13 of 2nd period - Snap shot by Tyler Bozak.
1:13 of 2nd period - Stopped by Robin Lehner without a rebound.
1:14 of 2nd period - Tyler Bozak wins face-off versus Ryan Strome in Canadiens zone.
1:25 of 2nd period - Wrist shot by Vladimir Tarasenko.
1:25 of 2nd period - Stopped by Robin Lehner with a rebound.
1:53 of 2nd period - Slapshot by Vladimir Tarasenko.
1:53 of 2nd period - Stopped by Robin Lehner with a rebound.
2:07 of 2nd period - Snap shot by Chris Kreider.
2:07 of 2nd period - Shot Misses the Net.
2:09 of 2nd period - Slapshot by Brett Pesce.
2:09 of 2nd period - Stopped by Corey Crawford without a rebound.
2:10 of 2nd period - MATHEW BARZAL wins face-off versus Radek Faksa in Islanders zone.
2:37 of 2nd period - Alex Goligoski is hit by Calvin de Haan and loses puck.
2:57 of 2nd period - Snap shot by Brandon Saad.
2:57 of 2nd period - Shot Misses the Net.
3:14 of 2nd period - Snap shot by Nino Niederreiter.
3:14 of 2nd period - Deflect By Reilly Smith.
3:14 of 2nd period - Stopped by Corey Crawford without a rebound.
3:15 of 2nd period - Radek Faksa wins face-off versus MATHEW BARZAL in Islanders zone.
3:50 of 2nd period - Slapshot by Timo Meier.
3:50 of 2nd period - Shot Misses the Net.
4:07 of 2nd period - Off-side.
4:08 of 2nd period - MATHEW BARZAL wins face-off versus Radek Faksa in neutral zone.
5:06 of 2nd period - Wrist shot by Reilly Smith.
5:06 of 2nd period - Stopped by Corey Crawford without a rebound.
5:07 of 2nd period - Tyler Bozak wins face-off versus Patrick Marleau in Islanders zone.
5:18 of 2nd period - Off-side.
5:19 of 2nd period - Tyler Bozak wins face-off versus Bryan Little in neutral zone.
5:22 of 2nd period - Wrist shot by Kyle Palmieri.
5:22 of 2nd period - Stopped by Robin Lehner with a rebound.
5:24 of 2nd period - Wrist shot by Vladimir Tarasenko.
5:24 of 2nd period - Shot Blocked by Calvin de Haan.
5:44 of 2nd period - Patrick Marleau is hit by Brandon Saad and loses puck.
6:34 of 2nd period - Minor Penalty to Jordie Benn for Roughing.
6:35 of 2nd period - Bryan Little wins face-off versus Vladimir Tarasenko in Islanders zone.
6:35 of 2nd period - Snap shot by Mitchell Marner.
6:35 of 2nd period - Stopped by Corey Crawford with a rebound.
6:37 of 2nd period - Slapshot by Mitchell Marner.
6:37 of 2nd period - Shot Blocked by Alex Goligoski.
7:17 of 2nd period - Snap shot by James Neal.
7:17 of 2nd period - Shot Blocked by Mitchell Marner.
7:56 of 2nd period - Snap shot by Chris Mueller.
7:56 of 2nd period - Stopped by Robin Lehner with a rebound.
7:58 of 2nd period - Snap shot by Brandon Saad.
7:58 of 2nd period - Shot Misses the Net.
8:00 of 2nd period - Slapshot by Chris Mueller.
8:00 of 2nd period - Deflect By Brandon Saad.
8:00 of 2nd period - Stopped by Robin Lehner without a rebound.
8:01 of 2nd period - Patrick Marleau wins face-off versus Vladimir Tarasenko in Canadiens zone.
8:34 of 2nd period - Penalty to Jordie Benn is over, Jordie Benn is back on ice.
8:36 of 2nd period - Icing by Tyler Bozak.
8:37 of 2nd period - Andreas Athanasiou wins face-off versus Radek Faksa in Islanders zone.
8:38 of 2nd period - Snap shot by Sven Baertschi.
8:38 of 2nd period - Deflect By Antoine Roussel.
8:38 of 2nd period - Stopped by Corey Crawford with a rebound.
8:40 of 2nd period - Slapshot by Calvin de Haan.
8:40 of 2nd period - Stopped by Corey Crawford without a rebound.
8:41 of 2nd period - Andreas Athanasiou wins face-off versus James Neal in Islanders zone.
9:12 of 2nd period - Off-side.
9:13 of 2nd period - Kyle Palmieri wins face-off versus Bryan Little in neutral zone.
9:15 of 2nd period - Off-side.
9:16 of 2nd period - Bryan Little wins face-off versus Tyler Bozak in neutral zone.
9:47 of 2nd period - Brandon Saad is hit by Francois Beauchemin and loses puck.
10:08 of 2nd period - Snap shot by Reilly Smith.
10:08 of 2nd period - Shot Misses the Net.
10:26 of 2nd period - Slapshot by Will Butcher.
10:26 of 2nd period - Stopped by Robin Lehner with a rebound.
10:28 of 2nd period - Wrist shot by Kerby Rychel.
10:28 of 2nd period - Stopped by Robin Lehner with a rebound.
10:30 of 2nd period - Snap shot by Evan Rodrigues.
10:30 of 2nd period - Goal by Evan Rodrigues - Islanders : 2 - Canadiens : 0.
10:31 of 2nd period - Tyler Bozak wins face-off versus Bryan Little in neutral zone.
11:00 of 2nd period - Icing by Jake Gardiner.
11:01 of 2nd period - Radek Faksa wins face-off versus MATHEW BARZAL in Islanders zone.
11:06 of 2nd period - Snap shot by James Neal.
11:06 of 2nd period - Stopped by Robin Lehner with a rebound.
11:08 of 2nd period - Snap shot by Alex Goligoski.
11:08 of 2nd period - Shot Misses the Net.
11:10 of 2nd period - Slapshot by Alex Goligoski.
11:10 of 2nd period - Stopped by Robin Lehner with a rebound.
11:12 of 2nd period - Snap shot by James Neal.
11:12 of 2nd period - Deflect By Radek Faksa.
11:12 of 2nd period - Stopped by Robin Lehner without a rebound.
11:13 of 2nd period - Tyler Bozak wins face-off versus Bryan Little in Canadiens zone.
11:22 of 2nd period - Wrist shot by Kyle Palmieri.
11:22 of 2nd period - Shot Misses the Net.
12:43 of 2nd period - Radek Faksa is hit by Chris Kreider and loses puck.
13:33 of 2nd period - Jake Gardiner is hit by Chris Kreider and loses puck.
13:38 of 2nd period - Snap shot by Mitchell Marner.
13:38 of 2nd period - Shot Blocked by Jake Gardiner.
13:40 of 2nd period - Slapshot by Brent Seabrook.
13:40 of 2nd period - Stopped by Corey Crawford with a rebound.
13:42 of 2nd period - Snap shot by Mitchell Marner.
13:42 of 2nd period - Shot Blocked by James Neal.
13:56 of 2nd period - Snap shot by Radek Faksa.
13:56 of 2nd period - Shot Misses the Net.
13:58 of 2nd period - Wrist shot by James Neal.
13:58 of 2nd period - Stopped by Robin Lehner without a rebound.
13:59 of 2nd period - Andreas Athanasiou wins face-off versus Vladimir Tarasenko in Canadiens zone.
14:04 of 2nd period - Slapshot by Andreas Athanasiou.
14:04 of 2nd period - Shot Misses the Net.
14:06 of 2nd period - Wrist shot by Sven Baertschi.
14:06 of 2nd period - Shot Blocked by Jordie Benn.
14:34 of 2nd period - Snap shot by Andreas Athanasiou.
14:34 of 2nd period - Stopped by Corey Crawford without a rebound.
14:35 of 2nd period - Bryan Little wins face-off versus Radek Faksa in Islanders zone.
14:46 of 2nd period - Wrist shot by Radek Faksa.
14:46 of 2nd period - Shot Blocked by Calvin de Haan.
14:48 of 2nd period - Slapshot by Jake Gardiner.
14:48 of 2nd period - Shot Misses the Net.
15:34 of 2nd period - Icing by Matt Dumba.
15:35 of 2nd period - Bryan Little wins face-off versus Vladimir Tarasenko in Islanders zone.
16:01 of 2nd period - Vladimir Tarasenko is hit by Nino Niederreiter and loses puck.
16:08 of 2nd period - Wrist shot by Reilly Smith.
16:08 of 2nd period - Shot Blocked by Kerby Rychel.
16:10 of 2nd period - Slapshot by Jake Muzzin.
16:10 of 2nd period - Deflect By Nino Niederreiter.
16:10 of 2nd period - Shot Hit the Post.
16:10 of 2nd period - Puck is out of play.
16:11 of 2nd period - Radek Faksa wins face-off versus MATHEW BARZAL in Islanders zone.
18:00 of 2nd period - Ryan Murray is hit by Alexei Emelin and loses puck.
18:17 of 2nd period - Snap shot by Nino Niederreiter.
18:17 of 2nd period - Shot Misses the Net.
18:23 of 2nd period - Snap shot by Reilly Smith.
18:23 of 2nd period - Deflect By Ryan Strome.
18:23 of 2nd period - Shot Hit the Post.
18:23 of 2nd period - Puck is out of play.
18:24 of 2nd period - Radek Faksa wins face-off versus Ryan Strome in Islanders zone.
18:33 of 2nd period - Snap shot by Brandon Saad.
18:33 of 2nd period - Shot Blocked by Brett Pesce.
18:49 of 2nd period - Snap shot by Radek Faksa.
18:49 of 2nd period - Shot Misses the Net.
18:54 of 2nd period - Minor Penalty to Nino Niederreiter for Holding.
18:55 of 2nd period - Tyler Bozak wins face-off versus Ryan Strome in Canadiens zone.
18:57 of 2nd period - Snap shot by Kyle Palmieri.
18:57 of 2nd period - Shot Blocked by Francois Beauchemin.
18:59 of 2nd period - Wrist shot by Tyler Bozak.
18:59 of 2nd period - Stopped by Robin Lehner without a rebound.
19:00 of 2nd period - Tyler Bozak wins face-off versus Ryan Strome in Canadiens zone.
Goals for this period are 1 for Islanders vs 0 for Canadiens.
Shots for this period are 15 for Islanders vs 8 for Canadiens.

3rd period


0:01 of 3rd period - Tyler Bozak wins face-off versus Ryan Strome in neutral zone.
0:39 of 3rd period - Snap shot by Bryan Little.
0:39 of 3rd period - Shot Misses the Net.
0:54 of 3rd period - Penalty to Nino Niederreiter is over, Nino Niederreiter is back on ice.
1:48 of 3rd period - Wrist shot by Radek Faksa.
1:48 of 3rd period - Shot Blocked by Brent Seabrook.
2:00 of 3rd period - Slapshot by Timo Meier.
2:00 of 3rd period - Shot Misses the Net.
2:42 of 3rd period - James Neal is hit by Alexei Emelin and loses puck.
3:23 of 3rd period - Chris Mueller is hit by Mitchell Marner and loses puck.
3:45 of 3rd period - Snap shot by Max Pacioretty.
3:45 of 3rd period - Stopped by Corey Crawford without a rebound.
3:46 of 3rd period - Radek Faksa wins face-off versus Nino Niederreiter in Islanders zone.
3:46 of 3rd period - Radek Faksa is hit by Brent Seabrook.
4:02 of 3rd period - Snap shot by Ryan Strome.
4:02 of 3rd period - Stopped by Corey Crawford without a rebound.
4:03 of 3rd period - Tyler Bozak wins face-off versus MATHEW BARZAL in Islanders zone.
4:34 of 3rd period - Snap shot by Ryan Strome.
4:34 of 3rd period - Shot Misses the Net.
4:36 of 3rd period - Snap shot by Ryan Strome.
4:36 of 3rd period - Shot Blocked by Alex Goligoski.
4:38 of 3rd period - Slapshot by Jake Muzzin.
4:38 of 3rd period - Stopped by Corey Crawford with a rebound.
5:00 of 3rd period - Wrist shot by Brandon Saad.
5:00 of 3rd period - Stopped by Robin Lehner with a rebound.
5:02 of 3rd period - Slapshot by Jake Gardiner.
5:02 of 3rd period - Shot Blocked by Mitchell Marner.
5:04 of 3rd period - Slapshot by Alex Goligoski.
5:04 of 3rd period - Stopped by Robin Lehner with a rebound.
5:24 of 3rd period - Snap shot by Jesper Fast.
5:24 of 3rd period - Deflect By Chris Mueller.
5:24 of 3rd period - Stopped by Robin Lehner with a rebound.
6:11 of 3rd period - Wrist shot by Antoine Roussel.
6:11 of 3rd period - Stopped by Corey Crawford without a rebound.
6:12 of 3rd period - Andreas Athanasiou wins face-off versus Vladimir Tarasenko in Islanders zone.
6:30 of 3rd period - Minor Penalty to Radek Faksa for Cross-checking.
6:31 of 3rd period - Mitchell Marner wins face-off versus Vladimir Tarasenko in Islanders zone.
6:33 of 3rd period - Slapshot by Bryan Little.
6:33 of 3rd period - Shot Blocked by Jake Gardiner.
6:37 of 3rd period - Wrist shot by Max Pacioretty.
6:37 of 3rd period - Deflect By Kyle Palmieri.
6:37 of 3rd period - Shot Misses the Net.
6:37 of 3rd period - Puck is out of play.
6:38 of 3rd period - Bryan Little wins face-off versus Vladimir Tarasenko in Islanders zone.
6:59 of 3rd period - Wrist shot by Mitchell Marner.
6:59 of 3rd period - Shot Misses the Net.
7:01 of 3rd period - Wrist shot by Mitchell Marner.
7:01 of 3rd period - Shot Misses the Net.
7:03 of 3rd period - Slapshot by Calvin de Haan.
7:03 of 3rd period - Shot Blocked by Kyle Palmieri.
7:05 of 3rd period - Wrist shot by Max Pacioretty.
7:05 of 3rd period - Shot Blocked by Jake Gardiner.
7:35 of 3rd period - Wrist shot by Mitchell Marner.
7:35 of 3rd period - Goal by Mitchell Marner - Islanders : 2 - Canadiens : 1.
7:36 of 3rd period - Ryan Strome wins face-off versus Radek Faksa in neutral zone.
7:47 of 3rd period - Brandon Saad is hit by Alexei Emelin and loses puck.
8:06 of 3rd period - Slapshot by Will Butcher.
8:06 of 3rd period - Shot Misses the Net.
8:08 of 3rd period - Slapshot by Chris Mueller.
8:08 of 3rd period - Stopped by Robin Lehner without a rebound.
8:09 of 3rd period - Chris Mueller wins face-off versus MATHEW BARZAL in Canadiens zone.
8:44 of 3rd period - Backhand shot by Vladimir Tarasenko.
8:44 of 3rd period - Shot Misses the Net.
8:46 of 3rd period - Snap shot by Vladimir Tarasenko.
8:46 of 3rd period - Stopped by Robin Lehner without a rebound.
8:47 of 3rd period - Tyler Bozak wins face-off versus Reilly Smith in Canadiens zone.
8:48 of 3rd period - Snap shot by Vladimir Tarasenko.
8:48 of 3rd period - Shot Misses the Net.
8:56 of 3rd period - Slapshot by Vladimir Tarasenko.
8:56 of 3rd period - Shot Misses the Net.
9:02 of 3rd period - Slapshot by Kyle Palmieri.
9:02 of 3rd period - Shot Misses the Net.
9:47 of 3rd period - Snap shot by Chris Kreider.
9:47 of 3rd period - Shot Blocked by Timo Meier.
10:16 of 3rd period - Wrist shot by Kyle Palmieri.
10:16 of 3rd period - Goal by Kyle Palmieri - Islanders : 3 - Canadiens : 1.
10:17 of 3rd period - MATHEW BARZAL wins face-off versus Tyler Bozak in neutral zone.
10:28 of 3rd period - Snap shot by MATHEW BARZAL.
10:28 of 3rd period - Shot Misses the Net.
10:56 of 3rd period - Off-side.
10:57 of 3rd period - Ryan Strome wins face-off versus Tyler Bozak in neutral zone.
11:44 of 3rd period - Jesper Fast is hit by Mitchell Marner and loses puck.
12:01 of 3rd period - Wrist shot by Kerby Rychel.
12:01 of 3rd period - Stopped by Robin Lehner without a rebound.
12:02 of 3rd period - Andreas Athanasiou wins face-off versus Vladimir Tarasenko in Canadiens zone.
12:02 of 3rd period - Andreas Athanasiou is hit by Evan Rodrigues.
12:18 of 3rd period - Wrist shot by Sven Baertschi.
12:18 of 3rd period - Shot Misses the Net.
13:14 of 3rd period - Chris Mueller is hit by MATHEW BARZAL and loses puck.
13:25 of 3rd period - Snap shot by Max Pacioretty.
13:25 of 3rd period - Stopped by Corey Crawford without a rebound.
13:26 of 3rd period - Bryan Little wins face-off versus Radek Faksa in Islanders zone.
13:51 of 3rd period - Kyle Palmieri is hit by Alexei Emelin and loses puck.
13:58 of 3rd period - Wrist shot by Ryan Strome.
13:58 of 3rd period - Shot Misses the Net.
14:00 of 3rd period - Wrist shot by Francois Beauchemin.
14:00 of 3rd period - Stopped by Corey Crawford with a rebound.
14:02 of 3rd period - Snap shot by Alexei Emelin.
14:02 of 3rd period - Stopped by Corey Crawford without a rebound.
14:03 of 3rd period - Radek Faksa wins face-off versus MATHEW BARZAL in Islanders zone.
14:43 of 3rd period - Off-side.
14:44 of 3rd period - Tyler Bozak wins face-off versus Ryan Strome in neutral zone.
14:51 of 3rd period - Snap shot by Tyler Bozak.
14:51 of 3rd period - Stopped by Robin Lehner without a rebound.
14:52 of 3rd period - Tyler Bozak wins face-off versus Ryan Strome in Canadiens zone.
15:19 of 3rd period - Backhand shot by Jake Gardiner.
15:19 of 3rd period - Stopped by Robin Lehner without a rebound.
15:20 of 3rd period - Andreas Athanasiou wins face-off versus Brandon Saad in Canadiens zone.
15:28 of 3rd period - Off-side.
15:29 of 3rd period - Ryan Strome wins face-off versus Tyler Bozak in neutral zone.
15:40 of 3rd period - Will Butcher is hit by Nino Niederreiter.
16:20 of 3rd period - Snap shot by Patrick Marleau.
16:20 of 3rd period - Shot Misses the Net.
16:30 of 3rd period - Snap shot by James Neal.
16:30 of 3rd period - Deflect By Brandon Saad.
16:30 of 3rd period - Stopped by Robin Lehner without a rebound.
16:31 of 3rd period - Tyler Bozak wins face-off versus Ryan Strome in Canadiens zone.
16:34 of 3rd period - Snap shot by Tyler Bozak.
16:34 of 3rd period - Stopped by Robin Lehner with a rebound.
16:46 of 3rd period - Slapshot by Reilly Smith.
16:46 of 3rd period - Shot Misses the Net.
17:01 of 3rd period - Slapshot by Jake Gardiner.
17:01 of 3rd period - Stopped by Robin Lehner with a rebound.
17:03 of 3rd period - Slapshot by Alex Goligoski.
17:03 of 3rd period - Stopped by Robin Lehner with a rebound.
17:05 of 3rd period - Snap shot by Jesper Fast.
17:05 of 3rd period - Stopped by Robin Lehner without a rebound.
17:06 of 3rd period - Radek Faksa wins face-off versus Ryan Strome in Canadiens zone.
17:39 of 3rd period - Slapshot by Alexei Emelin.
17:39 of 3rd period - Deflect By Vladimir Tarasenko.
17:39 of 3rd period - Stopped by Corey Crawford without a rebound.
17:40 of 3rd period - Nino Niederreiter wins face-off versus Tyler Bozak in Islanders zone.
18:18 of 3rd period - Wrist shot by James Neal.
18:18 of 3rd period - Shot Misses the Net.
18:25 of 3rd period - Icing by Calvin de Haan.
18:26 of 3rd period - Chris Mueller wins face-off versus Andreas Athanasiou in Canadiens zone.
18:27 of 3rd period - Slapshot by Will Butcher.
18:27 of 3rd period - Shot Misses the Net.
18:33 of 3rd period - Wrist shot by Kyle Palmieri.
18:33 of 3rd period - Stopped by Robin Lehner without a rebound.
18:34 of 3rd period - Ryan Strome wins face-off versus Tyler Bozak in Canadiens zone.
19:16 of 3rd period - Slapshot by Jake Gardiner.
19:16 of 3rd period - Stopped by Robin Lehner with a rebound.
19:18 of 3rd period - Snap shot by Alex Goligoski.
19:18 of 3rd period - Stopped by Robin Lehner without a rebound.
19:19 of 3rd period - Tyler Bozak wins face-off versus Bryan Little in Canadiens zone.
Goals for this period are 1 for Islanders vs 1 for Canadiens.
Shots for this period are 17 for Islanders vs 9 for Canadiens.